 Dungeon Crawl Stone Soup version 0.27-a0-1579-g97d2440184 (webtiles) character file.

Game seed: 13198554058165582388

315 mandarbmax the Cutter (level 6, 0/48 HPs)
             Began as a Vine Stalker Fighter on July 17, 2021.
             Slain by a human zombie (1 damage)
             ... in an ossuary.
             The game lasted 00:05:49 (3079 turns).

mandarbmax the Cutter (Vine Stalker Fighter)        Turns: 3079, Time: 00:05:51

Health: 0/48       AC: 23    Str: 21    XL:     6   Next: 43%
Magic:  0/7        EV:  2    Int:  8    God:
Gold:   80         SH:  9    Dex: 13    Spells: 5/5 levels left

rFire    . . .     SeeInvis .   d - +2 dagger (speed)
rCold    . . .     Faith    .   c - +0 kite shield
rNeg     + + +     Spirit   +   (armour currently unavailable)
rPois    +         Reflect  .   (helmet currently unavailable)
rElec    .         Harm     .   (cloak currently unavailable)
rCorr    .         Rampage  .   (gloves currently unavailable)
Will     .....     NoTele   +   (boots currently unavailable)
Stlth    +.........             (no amulet)
HPRegen  1.16/turn              (no ring)
MPRegen  0.10/turn              (no ring)

@: lethally poisoned (0 -> -8), tree-form, hasted, very quick
A: stationary, stasis, torment immunity, boosted hp, (fangs 2), regeneration 1,
magic shield, (antimagic bite), no potion heal 2
a: no special abilities


You were in an ossuary.
You were a tree.
You visited 1 branch of the dungeon, and saw 4 of its levels.
You also visited: Ossuary.

You collected 224 gold pieces.
You spent 144 gold pieces at shops.

Inventory:

Hand Weapons
 a - a +0 rapier
 d - a +2 dagger of speed (weapon)
Missiles
 n - 6 javelins (quivered)
Armour
 b - a +0 scale mail (melded)
 c - a +0 kite shield (worn)
Jewellery
 f - a ring of fire
Wands
 g - a wand of polymorph (11)
Scrolls
 e - a scroll of amnesia {unknown}
 j - a scroll of fog {unknown}
 m - a scroll of enchant armour {unknown}
Potions
 l - a potion of curing {unknown}


   Skills:
 - Level 3.0 Fighting
 * Level 4.7 Short Blades
 - Level 3.0 Armour
 + Level 3.9 Shields


You had 5 spell levels left.
You didn't know any spells.
Your spell library was empty.

Dungeon Overview and Level Annotations

Branches:
Dungeon (4/15)            Ossuary (1/1)
 Temple: D:4-7

Altars:
Ashenzari
Fedhas
Lugonu

Shops:
D:3 *

Portals:
Abyss: D:4

Annotations:
D:4 2 runed translucent doors


Innate Abilities, Weirdness & Mutations

You are a tree.
Your roots penetrate the ground, keeping you stationary.
You cannot be teleported.
You are immune to unholy pain and torment.
Your maximum health is greatly increased.
Your equipment is partially melded.
((You have extremely sharp teeth.))
Your natural rate of healing is unusually fast.
When hurt, damage is shared between your health and your magic reserves.
((Your bite disrupts and absorbs the magic of your enemies.))
Potions cannot restore your health.


Message History

The scorpion is moderately wounded.
The scorpion stings you.
You are poisoned.
The scorpion poisons you!
You hit the scorpion but do no damage.
The scorpion is moderately wounded.
You feel sick. The scorpion stings you.
You are more poisoned.
The scorpion poisons you! The human zombie hits you. The orc zombie hits you.
You hit the scorpion. Your bite misses the scorpion.
The scorpion is moderately wounded.
You feel very sick. The scorpion stings you.
You are more poisoned.
The scorpion poisons you!
You hit the scorpion.
The scorpion is heavily wounded.
You feel very sick. The scorpion stings you.
You are lethally poisoned!
The scorpion poisons you! The orc zombie barely misses you.
The human zombie barely misses you.
You are too injured to fight recklessly!
* * * LOW HITPOINT WARNING * * *
You feel extremely sick.
Really quaff the potion of lignification?
You turn into a tree.
Your +0 scale mail melds into your body.
Your roots penetrate the ground.
* * * LOW HITPOINT WARNING * * *
You feel very sick. You block the scorpion's attack.
Unknown command.
You feel yourself speed up.
* * * LOW HITPOINT WARNING * * *
You feel very sick. You block the scorpion's attack.
The orc zombie hits you but does no damage.
The human zombie hits you.
You die...

#########
#...#...#
#.∩.'.∩.#
#...#...#
######'##
#...#.♣.#
#...8ZsZ#
#.......#
##8...8##
#.......
#...8...#
#...#...#
##+######


You could see a scorpion, an orc zombie and a human zombie.

Vanquished Creatures
  An ogre (D:4)
  A vampire bat (D:3)
  Jessica (D:3)
  Ijyb (D:4)
  9 bats (D:3)
  An adder skeleton (D:4)
  A worm (D:2)
  A dart slug (D:3)
  3 fire bats (D:3)
  2 spectral bats (D:3)
  6 ball pythons
  3 bat skeletons (D:3)
  A bat zombie (D:3)
  6 endoplasms
  A giant cockroach (D:1)
  5 goblins
  4 hobgoblins
  7 jackals (D:1)
  3 kobolds
  A bat simulacrum (D:3)
  2 frilled lizards
  A kobold zombie (Ossuary)
  5 rats
66 creatures vanquished.

Notes
Turn   | Place    | Note
-------+----------+-------------------------------------------
     0 | D:1      | mandarbmax the Vine Stalker Fighter began the quest for the
                  | Orb.
     0 | D:1      | Reached XP level 1. HP: 11/11 MP: 2/2
    55 | D:1      | Found a faded altar of an unknown god.
    81 | D:1      | Reached skill level 2 in Short Blades
    81 | D:1      | Reached XP level 2. HP: 16/16 MP: 1/3
   600 | D:1      | Reached XP level 3. HP: 19/20 MP: 4/4
  1661 | D:3      | Found a blossoming altar of Fedhas.
  1732 | D:3      | Found a broken altar of Ashenzari.
  1768 | D:3      | Noticed Jessica
  1773 | D:3      | Killed Jessica
  1774 | D:3      | Reached skill level 3 in Short Blades
  1774 | D:3      | Gained mutation: Your natural rate of healing is unusually
                  | fast. [Vine Stalker growth]
  1774 | D:3      | Reached XP level 4. HP: 23/24 MP: 5/5
  1931 | D:3      | Found Geubicw's General Store.
  1940 | D:3      | Bought a potion of haste for 120 gold pieces
  1940 | D:3      | Bought a scroll of identify for 24 gold pieces
  2210 | D:3      | Reached XP level 5. HP: 28/28 MP: 6/6
  2270 | D:3      | Reached skill level 4 in Short Blades
  2797 | D:4      | Noticed an ogre
  2803 | D:4      | Killed an ogre
  2804 | D:4      | Reached XP level 6. HP: 19/32 MP: 4/7
  2894 | D:4      | Noticed Ijyb
  2927 | D:4      | Killed Ijyb
  2989 | D:4      | Found a large runed translucent door.
  2990 | D:4      | Found a large runed translucent door.
  2990 | D:4      | Found a corrupted altar of Lugonu.
  3013 | D:4      | Found a one-way gate to the infinite horrors of the Abyss.
  3041 | D:4      | Found a sand-covered staircase.
  3059 | Ossuary  | Entered an ossuary
  3079 | Ossuary  | HP: 1/48 [poisoned by a scorpion]
  3079 | Ossuary  | Slain by a human zombie

Illustrated notes

Levels and vault maps discovered:
D:1:      doesnt_arrival_eight_statues, layout_basic,
          ebering_ecumenical_altar_petrified, minmay_strange_pillars
D:2:      layout_basic, minmay_misc_feat_iff, chequers_serial_rivers_small_b
D:3:      layout_basic, ashenzari_altar_1, fedhas_altar_1, serial_shops, shop,
          goddamned_bats, uniq_jessica
D:4:      due_chaos_kobolds, layout_basic, minmay_temple_entry_enclosed_plants,
          nicolae_ossuary_entry_false_entrances, minmay_quantized,
          uniq_menkaure, uniq_ijyb, uniq_eustachio, uniq_duvessa
Ossuary:  ossuary_minmay_scorpions

Skill      XL: |  1  2  3  4  5 |
---------------+----------------+-----
Short Blades   | 2 3 4 |  4.7
Fighting       | 3 |  3.0
Shields        | 3 |  3.9
Armour         | 3 |  3.0

Action                   |  1- 3 |  4- 6 || total
-------------------------+-------+-------++-------
Melee: Rapier            |    84 |    80 ||   164
       Bite              |    22 |    30 ||    52
       Dagger            |       |    11 ||    11
  Use: Scroll            |       |     1 ||     1
       Potion            |       |     4 ||     4
Armor: Scale mail        |    33 |    82 ||   115
       Skin              |       |     1 ||     1
Dodge: Dodged            |    18 |    42 ||    60
Block: Kite shield       |    42 |    60 ||   102

Table legend: (Time is in decaauts)
 A = Elapsed time spent in this place.
 B = Non-inter-level travel time spent in this place.
 C = Inter-level travel time spent in this place.
 D = Time resting spent in this place.
 E = Time spent auto-exploring this place.
 F = Levels seen in this place.
 G = Mean time per level.
                   A        B        C        D        E       F      G
               +--------+--------+--------+--------+--------+-----+--------+
         Total |   3127 |   3050 |     77 |    149 |   2246 |   5 |  625.4 |
       Dungeon |   3109 |   3032 |     77 |    149 |   2241 |   4 |  777.2 |
       Ossuary |     17 |     17 |      0 |      0 |      5 |   1 |   17.0 |
               +--------+--------+--------+--------+--------+-----+--------+

Top non-repeatable levels by time:
     D:3: 1106 daAuts
     D:2: 843 daAuts
     D:1: 833 daAuts
     D:4: 325 daAuts
 Ossuary: 17 daAuts
